 Dungeon Crawl Stone Soup version 0.26.1-11-gd32895ea62 (webtiles) character file.

Game seed: 8151191784021121684

3285 Gwenloh the Covert (level 9, -3/41 HPs)
             Began as a Spriggan Brigand on May 19, 2021.
             Was a Believer of Dithmenos.
             Slain by an orc warrior
             ... wielding the +8 great sword of Duth {vorpal, rElec}
              (4 damage)
             ... on level 8 of the Dungeon on May 20, 2021.
             The game lasted 01:02:46 (15754 turns).

Gwenloh the Covert (Spriggan Brigand)              Turns: 15754, Time: 01:02:47

Health: -3/41      AC:  3    Str:  7    XL:     9   Next: 69%
Magic:  0/12       EV: 26    Int: 12    God:    Dithmenos [**....]
Gold:   530        SH:  0    Dex: 21    Spells: 8/8 levels left

rFire    . . .     SeeInvis +   a - +1 dagger (venom)
rCold    . . .     Faith    .   (shield restricted)
rNeg     . . .     Spirit   +   y - +0 robe
rPois    .         Reflect  .   (helmet restricted)
rElec    .         Harm     .   c - +0 cloak
rCorr    .         Rampage  .   (gloves unavailable)
Will     +....                  (boots unavailable)
Stlth    +++++++...             u - amulet of guardian spirit
HPRegen  0.13/turn              v - ring of flight
MPRegen  0.13/turn              (no ring)

@: wreathed by umbra, very quick
A: very small, unfitting armour, see invisible, speed 3
a: Renounce Religion, Evoke Flight, Shadow Step


You were on level 8 of the Dungeon.
You worshipped Dithmenos.
Dithmenos was pleased with you.
You visited 2 branches of the dungeon, and saw 10 of its levels.

You collected 590 gold pieces.
You spent 60 gold pieces at shops.

Inventory:

Hand Weapons
 a - a +1 dagger of venom (weapon)
 b - a +0 shortbow
 h - a +0 dagger of draining
 I - a +2 dagger
 J - a +0 hunting sling
Missiles
 d - 12 poisoned darts (quivered)
 j - 269 stones
 o - 90 arrows
 r - 4 atropa-tipped darts
 D - 51 sling bullets
Armour
 c - a +0 cloak (worn)
 t - a +2 buckler
 y - a +0 robe (worn)
Jewellery
 u - an amulet of guardian spirit (around neck)
 v - a ring of flight (left hand)
Wands
 M - a wand of iceblast (9)
Scrolls
 k - 3 scrolls of blinking {unknown}
 m - 12 scrolls of identify {unknown}
 n - 3 scrolls of enchant weapon {unknown}
 q - a scroll of noise {unknown}
 s - 3 scrolls of teleportation {unknown}
 A - 3 scrolls of immolation {unknown}
 B - a scroll of fog {unknown}
 C - a scroll of enchant armour {unknown}
 E - 2 scrolls of magic mapping {unknown}
 F - 7 scrolls of remove curse {unknown}
 H - a scroll of fear {unknown}
 K - a scroll of silence {unknown}
 L - a scroll of acquirement {unknown}
Potions
 f - a potion of might {unknown}
 g - 2 potions of attraction {unknown}
 i - 4 potions of heal wounds
 l - a potion of flight {unknown}
 p - 7 potions of curing {unknown}
 w - 2 potions of degeneration {unknown}
 x - 2 potions of haste {unknown}
 z - 5 potions of brilliance {unknown}
 G - a potion of invisibility {unknown}
 N - a potion of magic {unknown}


   Skills:
 - Level 1.5 Fighting
 * Level 10.6 Short Blades
 - Level 2.0 Throwing
 + Level 8.6 Dodging
 + Level 12.2 Stealth
 + Level 3.1 Invocations


You had 8 spell levels left.
You didn't know any spells.
Your spell library contained the following spells:

 Spells                   Type           Power        Failure   Level
 Magic Dart               Conj           0%           32%         1
 Searing Ray              Conj           0%           45%         2
 Dazzling Flash           Conj/Hex       0%           69%         3
 Fulminant Prism          Conj/Hex       0%           97%         4
 Iskenderun's Mystic Bla  Conj/Tloc      0%           97%         4


Dungeon Overview and Level Annotations

Branches:
Dungeon (9/15)             Temple (1/1) D:7
   Lair: D:8-11         Orc: D:9-12

Altars:
Ashenzari
Cheibriados
Dithmenos
Elyvilon
Fedhas
Gozag
Hepliaklqana
Kikubaaqudgha
Makhleb
Nemelex Xobeh
Okawaru
Qazlal
Ru
Sif Muna
Trog
Uskayaw
Vehumet
Wu Jian
Xom
Yredelemnul
Zin
The Shining One
Beogh

Shops:
D:5 !

Annotations:
D:3 Grinder
D:5 Fairytaker's ghost, novice TrFi
D:7 2 transporters, MisterFreud's ghost, novice GnAK
D:8 zapotec's ghost, novice GrFi


Innate Abilities, Weirdness & Mutations

You are very small and have problems with some larger weapons.
You are too small for most types of armour.
You have supernaturally acute eyesight. (SInv)
You cover ground extremely quickly.


Message History

There is a stone staircase leading up here.
There is a stone staircase leading up here.
You climb upwards.
Level annotation: 2 transporters, MisterFreud's ghost, novice GnAK
There is a stone staircase leading down here.
You start resting.
Magic restored.
You start resting.
HP restored.
You climb downwards.
Level annotation: zapotec's ghost, novice GrFi
There is a stone staircase leading up here.
The orc warrior shouts!
You hit the orc warrior but do no damage.
The orc warrior is poisoned.
The orc warrior hits you with the +8 great sword of Duth {vorpal, rElec}!
The orc warrior hits you with the +8 great sword of Duth {vorpal, rElec}!!
Ouch! That really hurt!
* * * LOW HITPOINT WARNING * * *
You die...

##### #........###......#..[.
#...# ##.##..### ####[.......
#...# #.##..# ####..... #...#
#.##..#### ####..##.# #...#
#>##...<.# #....###..
#...#####.##..##.## #.######..
#.........###.....###.####....
#............o......#.#.......
#....[.......@.[(((((...###...
#.....................### #...
##....................#####...
#............................
#.............)..............
##...................##......
##.....<...............###...
#..............######### #...
#.............##...#...# ####


You could see an orc warrior (very poisoned).

Vanquished Creatures
  Maurice (D:8)
  A wyvern (D:8)
  Edmund (D:6)
  Menkaure (D:7)
  3 orc warriors
  A sky beast (D:8)
  2 ice beasts
  3 ogres
  A necrophage (D:4)
  A centaur (D:7)
  A big kobold (D:6)
  3 bullfrogs (D:7)
  A gnoll sergeant (D:6)
  2 howler monkeys (D:7)
  A crimson imp (D:2)
  A bullfrog zombie (D:5)
  A centaur zombie (D:5)
  6 hounds
  3 jellies
  4 orc priests
  An iguana (D:2)
  5 orc wizards
  8 worker ants
  A mummy (D:8)
  A howler monkey zombie (D:5)
  8 gnolls
  6 adders
  A shadow imp (D:8)
  3 white imps
  3 ufetubi
  An ooze (D:4)
  2 adder zombies (D:5)
  5 worms
  3 dart slugs
  8 leopard geckos
  20 orcs
  9 bats
  A giant cockroach (D:2)
  12 goblins
  11 hobgoblins
  3 jackals
  13 kobolds
  5 quokkas
  A ball python (D:2)
  3 frilled lizards
  A hobgoblin zombie (D:8)
  2 kobold zombies (D:8)
  An orc zombie (D:8)
  A quokka skeleton (D:8)
  4 rats
181 creatures vanquished.

Vanquished Creatures (others)
  39 plants (D:6)
39 creatures vanquished.

Grand Total: 220 creatures vanquished

Notes
Turn   | Place    | Note
-------+----------+-------------------------------------------
     0 | D:1      | Gwenloh the Spriggan Brigand began the quest for the Orb.
     0 | D:1      | Reached XP level 1. HP: 10/10 MP: 2/2
    48 | D:1      | Reached skill level 6 in Stealth
   339 | D:1      | Reached XP level 2. HP: 14/14 MP: 3/3
  1250 | D:1      | Reached XP level 3. HP: 13/18 MP: 4/4
  1462 | D:1      | Reached skill level 7 in Stealth
  1791 | D:2      | Reached XP level 4. HP: 22/22 MP: 5/5
  1822 | D:2      | Found a white marble altar of Elyvilon.
  2358 | D:2      | Reached skill level 8 in Stealth
  2382 | D:2      | Reached XP level 5. HP: 11/25 MP: 2/6
  2996 | D:2      | Found a burning altar of Makhleb.
  3893 | D:3      | Noticed a phantom
  4425 | D:3      | Noticed Grinder
  4502 | D:4      | Reached skill level 5 in Short Blades
  4890 | D:3      | Reached XP level 6. HP: 30/30 MP: 7/7
  5092 | D:3      | Found a stormy altar of Qazlal.
  5099 | D:3      | Found a shimmering altar of Xom.
  5355 | D:5      | Entered Level 5 of the Dungeon
  6380 | D:4      | Reached skill level 9 in Stealth
  7114 | D:4      | Reached XP level 7. HP: 17/33 MP: 8/8
  7906 | D:5      | Found Saep's Distillery.
  7930 | D:5      | Bought a potion of heal wounds for 60 gold pieces
  8033 | D:5      | Found a runed translucent door.
  8040 | D:5      | Noticed Fairytaker's ghost (novice TrFi)
  8470 | D:5      | Found an iron altar of Okawaru.
  8687 | D:6      | Noticed Edmund
  8692 | D:6      | Killed Edmund
  9158 | D:6      | Found an ancient bone altar of Kikubaaqudgha.
 10155 | D:7      | Noticed Menkaure
 10159 | D:7      | Killed Menkaure
 10160 | D:7      | Reached skill level 10 in Stealth
 10191 | D:7      | Found a transporter.
 10192 | D:7      | Noticed MisterFreud's ghost (novice GnAK)
 10204 | D:7      | Found a transporter.
 10248 | D:7      | Found a staircase to the Ecumenical Temple.
 10258 | Temple   | Entered the Ecumenical Temple
 10358 | Temple   | Became a worshipper of Dithmenos the Shadowed
 10372 | D:7      | Reached skill level 5 in Dodging
 10580 | D:5      | Reached XP level 8. HP: 37/37 MP: 9/9
 11404 | D:6      | Reached * piety under Dithmenos
 12187 | D:7      | Reached skill level 11 in Stealth
 12895 | D:7      | Found an ornate altar of the Wu Jian Council.
 13109 | D:7      | Reached XP level 9. HP: 41/41 MP: 8/10
 13180 | D:7      | Reached skill level 1 in Invocations
 13390 | D:7      | Found an opulent altar of Gozag.
 14527 | D:7      | Reached skill level 10 in Short Blades
 14714 | D:8      | Noticed Maurice
 14809 | D:8      | Found a shimmering blue altar of Sif Muna.
 15321 | D:8      | Reached skill level 12 in Stealth
 15409 | D:8      | Killed Maurice
 15440 | D:8      | Found a runed translucent gate.
 15440 | D:8      | Identified the +8 great sword of Duth {vorpal, rElec}
 15440 | D:8      | Identified the cursed +0 plate armour of Day {Rampage
                  | rCorr}
 15441 | D:8      | Noticed zapotec's ghost (novice GrFi)
 15441 | D:8      | Found a runed translucent gate.
 15441 | D:8      | Found a runed translucent gate.
 15442 | D:8      | Found a roughly hewn altar of Beogh.
 15484 | D:8      | Found a glowing silver altar of Zin.
 15597 | D:8      | Reached ** piety under Dithmenos
 15754 | D:8      | HP: 1/41 [orc warrior/the +8 great sword of Duth {vorpal,
                  | rElec} (24)]
 15754 | D:8      | Slain by an orc warrior

Illustrated notes

Levels and vault maps discovered:
D:1:      beargit_arrival_greenhouse, layout_loops_ring, minmay_fountain_box,
          minmay_misc_feat_rows, chequers_jeans, amcnicky_mini_corridor_feature,
          lemuel_old_faithful
D:2:      layout_basic, elyvilon_altar_1, makhleb_grotto_becter
D:3:      layout_basic, amethyst_overflow_temple_binary, uniq_grinder
D:4:      layout_gridville
D:5:      layout_rooms, general_overflow_altar, hellmonk_ghost_happy_afterlife,
          serial_shops, shop, minmay_door_square
D:6:      kennysheep_housing_project, layout_rooms, overflow_temple_1_default,
          uniq_edmund
D:7:      layout_layer_cave, lemuel_coloured_pillars_altar,
          pdpol_wu_jian_five_deadly_venoms, minmay_temple_entry_crystal_x,
          gammafunk_ghost_stat_death, enter_bailey_2, uniq_menkaure
D:8:      layout_rooms, zin_scriptorium, marbit_many_paths,
          biasface_ghost_orc_armoury, minmay_mini_ossuary, uniq_maurice
D:9:      layout_stronghold, david_orc_5, serial_shops, shop,
          grunt_ministairs_14
Temple:   nicolae_temple_x_marks_the_god

Skill      XL: |  1  2  3  4  5  6  7  8  9 |
---------------+----------------------------+-----
Stealth        | 6 7 8 9 10 11 12 | 12.2
Short Blades   | 3 4 5 6 7 9 10 | 10.6
Dodging        | 3 5 7 8 |  8.6
Invocations    | 3 |  3.1
Fighting       | |  1.5
Throwing       | |  2.0

Action                   |  1- 3 |  4- 6 |  7- 9 || total
-------------------------+-------+-------+-------++-------
Melee: Dagger            |    78 |   287 |   527 ||   892
 Fire: Hunting sling     |       |   122 |    32 ||   154
       Shortbow          |       |       |    24 ||    24
Throw: Dart              |    36 |    80 |   158 ||   274
 Abil: Evoke Flight      |       |     1 |       ||     1
 Stab: Sleeping          |    10 |    16 |    11 ||    37
       Distracted        |       |       |     7 ||     7
Armor: Robe              |    16 |    23 |    16 ||    55
Dodge: Dodged            |    49 |   180 |   265 ||   494
